 Dungeon Crawl Stone Soup version 0.24-a0-549-g45f0056d81 (webtiles) character file.

Game seed: 16126959085332149985

679 Gynju the Cutter (level 7, -5/44 HPs)
             Began as a Kobold Berserker on Aug 20, 2019.
             Was an Elder of Trog.
             Shot with an arrow by a centaur (16 damage)
             ... on level 5 of the Dungeon.
             The game lasted 00:06:45 (6463 turns).

Gynju the Cutter (Kobold Berserker)                 Turns: 6463, Time: 00:06:45

Health: -5/44      AC:  4    Str: 16    XL:     7   Next: 92%
Magic:  7/7        EV: 17    Int:  8    God:    Trog [****..]
Gold:   177        SH:  0    Dex: 15    Spells: 6/6 levels left

rFire    . . .     SeeInvis .   h - +2 dagger (flame)
rCold    . . .     Gourm    .   (shield restricted)
rNeg     . . .     Faith    .   f - +0 leather armour
rPois    .         Spirit   .   o - +0 hat
rElec    .         Reflect  .   (no cloak)
rCorr    .         Harm     .   (no gloves)
MR       .....                  t - +0 pair of boots
Stlth    ++........             (no amulet)
HPRegen  0.14/turn              (no ring)
MPRegen  0.10/turn              (no ring)

@: no status effects
A: small, carnivore
a: Berserk, Trog's Hand, Brothers in Arms, Renounce Religion


You were on level 5 of the Dungeon.
You worshipped Trog.
Trog was greatly pleased with you.
You were not hungry.

You visited 1 branch of the dungeon, and saw 5 of its levels.

You collected 177 gold pieces.

Inventory:

Hand Weapons
 h - a +2 dagger of flaming (weapon)
Armour
 f - a +0 leather armour (worn)
 o - a +0 hat (worn)
 t - a +0 pair of boots (worn)
Jewellery
 v - an uncursed ring of protection from magic {unknown}
Wands
 r - a wand of digging (2)
Scrolls
 b - a scroll of enchant weapon {unknown}
 g - 9 scrolls of identify {unknown}
 i - 3 scrolls of enchant armour {unknown}
 k - 3 scrolls of remove curse {unknown}
 l - 2 scrolls of teleportation {unknown}
 m - a scroll of random uselessness {unknown}
 n - 4 scrolls of fog {unknown}
 q - 2 scrolls of fear {unknown}
 s - a scroll of magic mapping {unknown}
Potions
 d - a potion of agility {unknown}
 e - 3 potions of curing {unknown}
 j - 2 potions of heal wounds {unknown}
 p - a potion of lignification {unknown}
 u - a potion of might {unknown}
Comestibles
 c - 9 rations


   Skills:
 * Level 5.3 Fighting
 * Level 6.3 Short Blades
 * Level 3.5 Armour
 * Level 5.0 Dodging
 + Level 3.4 Stealth


You had 6 spell levels left.
You didn't know any spells.
Your spell library was empty.

Dungeon Overview and Level Annotations

Branches:
Dungeon (5/15)
 Temple: D:4-7

Altars:
Hepliaklqana
The Shining One

Annotations:
D:3 2 transporters, hitsuchi's ghost, amateur DDEE


Innate Abilities, Weirdness & Mutations

You are small and have problems with some larger weapons.
You are carnivorous and can eat meat at any time.


Message History

Moving in this stuff is going to be slow.
The centaur shoots an arrow.
The arrow hits you!
You hear a splash.
You see here an arrow.
The centaur shoots an arrow.
The arrow hits you.
You hear a splash.
The centaur shoots an arrow.
The arrow hits you!
You hear a splash.
You see here 2 arrows.
The centaur shoots an arrow.
The arrow closely misses you.
The centaur shoots an arrow.
The arrow hits you!
You hear a splash.
You see here an arrow.
The centaur shoots an arrow.
The arrow hits you.
* * * LOW HITPOINT WARNING * * *
The sky beast flickers out of sight!
Deactivating autopickup; reactivate with Ctrl-A.
You see here an arrow.
The centaur shoots an arrow.
The arrow hits you!
You die...

.> ####.P≈♣♣.. ...###.....≈≈≈..
................ .............
#......(... . #.......# #.# .#
#.....######.## #.# .
##....).@..<...# ...
#.#######.....(.#####..# #.#
#.....♣P........# #..###..#
.♣.≈.≈≈((P......#####......#
P≈≈?≈.(...c..............######
≈≈≈≈≈≈≈(.≈....#....##.##......#
≈≈≈≈≈≈≈≈≈..##...♣..##.###.....#
≈≈.≈≈≈≈≈≈♣.##......##.###.#####
♣≈≈≈≈≈≈≈≈.....#....##.##).#


You could see a centaur.

Vanquished Creatures
  An ice beast (D:5)
  An ogre (D:5)
  A scorpion (D:5)
  A crimson imp (D:5)
  A bullfrog zombie (D:5)
  An orc wizard (D:3)
  2 bullfrog skeletons (D:5)
  A worker ant (D:5)
  7 gnolls
  8 adders
  2 shadow imps (D:5)
  A worm (D:4)
  4 dart slugs
  3 leopard geckos
  9 orcs
  3 giant cockroaches
  10 goblins
  7 hobgoblins
  15 jackals
  12 kobolds
  4 quokkas
  A ball python (D:4)
  8 bats
  6 frilled lizards
  A quokka zombie (D:5)
  8 rats
118 creatures vanquished.

Notes
Turn   | Place    | Note
-------+----------+-------------------------------------------
     0 | D:1      | Gynju the Kobold Berserker began the quest for the Orb.
     0 | D:1      | Reached XP level 1. HP: 14/14 MP: 1/1
   180 | D:1      | Reached XP level 2. HP: 17/19 MP: 2/2
   968 | D:1      | Reached XP level 3. HP: 22/23 MP: 3/3
  1165 | D:1      | Reached skill level 1 in Stealth
  1281 | D:1      | Reached ** piety under Trog
  2171 | D:2      | Reached XP level 4. HP: 29/29 MP: 4/4
  2569 | D:2      | Found a hazy altar of Hepliaklqana.
  2876 | D:2      | Reached XP level 5. HP: 33/33 MP: 5/5
  3027 | D:3      | Found a transporter.
  3031 | D:3      | Noticed hitsuchi's ghost (amateur DDEE)
  3325 | D:3      | Reached skill level 5 in Short Blades
  3359 | D:3      | Found a transporter.
  3432 | D:3      | Reached *** piety under Trog
  4025 | D:3      | Reached XP level 6. HP: 25/39 MP: 6/6
  4880 | D:4      | Found a glowing golden altar of the Shining One.
  5435 | D:5      | Entered Level 5 of the Dungeon
  5436 | D:5      | Noticed an ogre
  5451 | D:5      | Killed an ogre
  5685 | D:5      | Reached XP level 7. HP: 44/44 MP: 7/7
  5993 | D:5      | Reached skill level 5 in Fighting
  5993 | D:5      | Reached skill level 6 in Short Blades
  6162 | D:5      | Reached skill level 5 in Dodging
  6233 | D:5      | Reached **** piety under Trog
  6463 | D:5      | Shot with an arrow by a centaur

Levels and vault maps discovered:
D:1:      nagdon_arrival_zigzag_paths, layout_loops_corners
D:2:      layout_basic, old_standard_altar, first_ration, corexii_corridor_pit
D:3:      layout_loops_ring, gammafunk_ghost_stat_death
D:4:      layout_layer_cave, nicolae_overflow_crystal_walls, serial_glass,
          glass_columns_b, glass_columns_b, chequers_serial_rivers_room_b
D:5:      layout_rooms, lemuel_coloured_pillars_altar,
          ebering_ghost_inner_flame, serial_bayou, serial_bayou_pond_e,
          serial_bayou_pond_d, serial_bayou_pond_b, serial_bayou_pond_d,
          chequers_mini_garden

Skill      XL: |  1  2  3  4  5  6  7 |
---------------+----------------------+-----
Stealth        | 1 2 3 |  3.4
Dodging        | 3 4 5 |  5.0
Armour         | 2 3 |  3.5
Fighting       | 4 5 |  5.3
Short Blades   | 5 6 |  6.3

Action                   |  1- 3 |  4- 6 |  7- 9 || total
-------------------------+-------+-------+-------++-------
Melee: Short sword       |    83 |       |       ||    83
       Dagger            |    61 |   207 |   116 ||   384
Invok: Berserk           |       |     6 |     3 ||     9
 Stab: Sleeping          |     2 |     6 |       ||     8
  Eat: Chunk             |    12 |    16 |     1 ||    29
Armor: Animal skin       |    12 |    10 |       ||    22
       Leather armour    |       |     9 |     7 ||    16
Dodge: Dodged            |   103 |   179 |    79 ||   361

Table legend:
 A = Non-vault XP
 B = Vault XP
 C = Vault XP percentage of total XP
 D = Non-vault monster count
 E = Vault monster count
 F = Vault count percentage of total count
                 A         B        C        D         E       F
            +---------+---------+-------+---------+---------+-------
      Total |     854 |     116 |  12.0 |     113 |       5 |   4.2
            +---------+---------+-------+---------+---------+-------
        D:1 |      59 |       0 |   0.0 |      35 |       0 |   0.0
        D:2 |     112 |       0 |   0.0 |      28 |       0 |   0.0
        D:3 |     144 |       0 |   0.0 |      26 |       0 |   0.0
        D:4 |      21 |       0 |   0.0 |       4 |       0 |   0.0
        D:5 |     518 |     116 |  18.3 |      20 |       5 |  20.0
            +---------+---------+-------+---------+---------+-------
